 Dungeon Crawl Stone Soup version 0.23.0 (webtiles) character file.

Game seed: 6481850695145251251

660 Jethus the Agent of Entropy (level 7, -7/55 HPs)
             Began as a Demonspawn Abyssal Knight on Feb 16, 2019.
             Was a Priest of Lugonu.
             Mangled by an ogre
             ... wielding a +0 giant club
              (20 damage)
             ... on level 5 of the Dungeon.
             The game lasted 00:22:38 (3770 turns).

Jethus the Agent of Entropy (DsAK)                  Turns: 3770, Time: 00:22:39

Health: -7/55      AC:  8    Str: 13    XL:     7   Next: 30%
Magic:  10/10      EV: 10    Int: 13    God:    Lugonu [***...]
Gold:   279        SH:  7    Dex: 14    Spells: 6/6 levels left

rFire    . . .     SeeInvis +   d - +3 whip (vamp)
rCold    . . .     Gourm    .   m - +0 shield
rNeg     . . .     Faith    .   l - +3 leather armour
rPois    .         Spirit   .   (helmet restricted)
rElec    .         Reflect  .   (no cloak)
rCorr    .         Harm     .   (no gloves)
MR       +....                  (no boots)
Stlth    +.........             (no amulet)
HPRegen  0.18/turn              h - ring of see invisible
MPRegen  0.12/turn              t - ring of protection from magic

@: no status effects
A: antennae 1, thin metallic scales 1, powered by pain 1, spiny 1
a: Depart the Abyss, Bend Space, Banish, Renounce Religion


You were on level 5 of the Dungeon.
You worshipped Lugonu.
Lugonu was most pleased with you.
You were not hungry.

You visited 1 branch of the dungeon, and saw 5 of its levels.
You visited the Abyss 1 time.

You collected 279 gold pieces.

Inventory:

Hand Weapons
 a - a +1 hand axe
 d - a +3 vampiric whip (weapon)
 g - a +2 flail of protection
Missiles
 x - 2 tomahawks (quivered)
Armour
 b - a +0 scale mail of fire resistance
 f - a +1 ring mail
 l - a +3 leather armour (worn)
 m - a +0 shield (worn)
 p - a +0 plate armour
 r - a +0 leather armour of poison resistance
Jewellery
 h - a ring of see invisible (left hand)
 t - a ring of protection from magic (right hand)
 u - a +2 ring of evasion {unknown}
Wands
 w - a wand of flame (21)
Scrolls
 i - 4 scrolls of teleportation
 n - 5 scrolls of identify
 q - a scroll of fog
 s - a scroll of blinking {unknown}
Potions
 c - a potion of magic
 e - 2 potions of lignification
 k - 3 potions of brilliance
 o - a potion of flight
Comestibles
 j - 7 rations
 v - a chunk of flesh


   Skills:
 + Level 4.6 Fighting
 - Level 2.0(2.7) Axes
 + Level 2.7(3.1) Maces & Flails
 + Level 3.5 Armour
 + Level 3.2 Dodging
 + Level 5.2 Invocations


You had 6 spell levels left.
You didn't know any spells.
Your spell library was empty.

Dungeon Overview and Level Annotations

Branches:
Dungeon (5/15)             Temple (0/1) D:4

Altars:
Elyvilon
Trog


Innate Abilities, Weirdness & Mutations

You have a pair of small antennae on your head.
You are partially covered in thin metallic scales. (AC +2)
You sometimes gain a little power by taking damage.
You are partially covered in sharp spines.


Message History

No target in view!
n - 5 scrolls of identify (gained 1)
You now have 271 gold pieces (gained 13).
You now have 279 gold pieces (gained 8).
You sense a monster nearby.
An ogre comes into view. It is wielding a +0 giant club.
You hit the ogre but do no damage.
The ogre hits you with a +0 giant club!!
You hit the ogre.
You feel better.
The ogre is lightly wounded.
You block the ogre's attack.
You whack the ogre!
The ogre is moderately wounded.
The ogre is struck by your spines.
The ogre hits you with a +0 giant club!!
* * * LOW HITPOINT WARNING * * *
You hit the ogre.
You feel better.
The ogre is severely wounded.
The ogre hits you with a +0 giant club!!
You die...

#####...###.##....
#.....#..............
#.# #...##..##... ..
#.# ##.###..# #.# #.#
#)# #..# #.. #.#
#.###..### .. ##.#
#.##.....# .#
...####.##.....##O###.#
<.......##......@.....#
##########.....########
#.....# #######


You could see an ogre.

Vanquished Creatures
  Edmund (D:4)
  An orc warrior (D:4)
  An ice beast (D:5)
  An ogre (D:4)
  2 hounds (D:4)
  An orc priest (D:4)
  An orc wizard (D:4)
  An iguana (D:4)
  3 adders
  2 adder skeletons
  3 worms
  A dart slug (D:4)
  2 leopard geckos (D:1)
  8 orcs
  5 ball pythons
  4 giant cockroaches
  7 goblins
  5 hobgoblins
  6 jackals
  7 kobolds
  2 quokkas
  8 bats
  9 frilled lizards
  2 rats
83 creatures vanquished.

Notes
Turn   | Place    | Note
-------+----------+-------------------------------------------
     0 | Abyss:1  | Jethus the Demonspawn Abyssal Knight began the quest for
                  | the Orb.
     0 | Abyss:1  | Reached XP level 1. HP: 18/18 MP: 2/2
    17 | D:1      | Escaped the Abyss
   266 | D:1      | Reached skill level 1 in Dodging
   346 | D:1      | Gained mutation: You are partially covered in thin metallic
                  | scales. (AC +2) [demonic ancestry]
   346 | D:1      | Reached XP level 2. HP: 8/24 MP: 4/4
   890 | D:1      | Reached ** piety under Lugonu
   996 | D:1      | Reached XP level 3. HP: 28/29 MP: 5/5
  1086 | D:1      | Reached skill level 3 in Invocations
  1892 | D:3      | Found a white marble altar of Elyvilon.
  1925 | D:3      | Gained mutation: You are partially covered in sharp spines.
                  | [demonic ancestry]
  1925 | D:3      | Reached XP level 4. HP: 34/35 MP: 6/6
  2244 | D:3      | Reached skill level 1 in Maces & Flails
  2515 | D:4      | Found a bloodstained altar of Trog.
  2544 | D:4      | Gained mutation: You sometimes gain a little power by
                  | taking damage. [demonic ancestry]
  2544 | D:4      | Reached XP level 5. HP: 31/42 MP: 7/7
  2722 | D:4      | Reached skill level 4 in Invocations
  2763 | D:4      | Found a staircase to the Ecumenical Temple.
  2932 | D:4      | Noticed Edmund
  2947 | D:4      | Killed Edmund
  2947 | D:4      | Gained mutation: You have a pair of small antennae on your
                  | head. [demonic ancestry]
  2947 | D:4      | Reached XP level 6. HP: 48/48 MP: 9/9
  3032 | D:4      | Noticed an orc warrior
  3036 | D:4      | Reached *** piety under Lugonu
  3403 | D:4      | Killed an orc warrior
  3403 | D:4      | Reached XP level 7. HP: 55/55 MP: 10/10
  3572 | D:5      | Entered Level 5 of the Dungeon
  3596 | D:5      | Reached skill level 5 in Invocations
  3770 | D:5      | Mangled by an ogre

Skill      XL: |  1  2  3  4  5  6  7 |
---------------+----------------------+-----
Dodging        | 1 2 3 |  3.2
Armour         | 2 3 |  3.5
Axes           | 2 |  2.0
Invocations    | 3 4 5 |  5.2
Maces & Flails | 1 2 |  2.7
Fighting       | 4 |  4.6

Action                   |  1- 3 |  4- 6 |  7- 9 || total
-------------------------+-------+-------+-------++-------
Melee: Hand axe          |    25 |       |       ||    25
       Whip              |   133 |   106 |    24 ||   263
  Use: Potion            |     1 |     5 |       ||     6
       Scroll            |     6 |     6 |       ||    12
 Stab: Sleeping          |       |     1 |       ||     1
  Eat: Chunk             |     4 |     4 |       ||     8
       Ration            |     1 |     1 |       ||     2
Armor: Leather armour    |    52 |    22 |     7 ||    81
       Ring mail         |    30 |       |       ||    30
       Skin              |       |     5 |       ||     5
Dodge: Dodged            |   104 |    22 |     6 ||   132
Block: Shield            |       |    31 |     5 ||    36
